 Dungeon Crawl Stone Soup version bcrawl-1.39.1 (webtiles) character file.

Game seed: 16022507114952618466

143075 kosoiffoigrumme1174 the Sneak (level 4, -10/24 HPs)
             Began as a Vine Stalker Chaos Knight on Sept 23, 2023.
             Was a Plaything of Xom.
             Mangled by a shadow (33 damage)
             ... summoned by the capriciousness of Xom
             ... on level 3 of the Dungeon.
             The game lasted 00:02:47 (1824 turns).

kosoiffoigrumme1174 the Sneak (VSCK)                Turns: 1824, Time: 00:02:48

Health: -10/24     AC:  5    Str: 14      XL:     4   Next: 75%
Magic:  5/5        EV: 12    Int:  8 (10) God:    Xom [*.....]
Gold:   141        SH:  0    Dex: 12 (13) Spells: 3/3 levels left

rFire    . . .     GDR:     24% b - +0 dagger
rCold    . . .     SeeInvis .   (no shield)
rNeg     . . .     Gourm    .   g - +2 leather armour
rPois    .         Faith    .   (no helmet)
rElec    .         Spirit   .   (no cloak)
rCorr    .         Reflect  .   (no gloves)
MR       .....                  (no boots)
Stlth    +++.......             (no amulet)
HPRegen  0.54/turn              (no ring)
MPRegen  0.09/turn              (no ring)

@: no status effects
A: fangs 2, clumsy 1, deterioration 1, dopey 1, frail 1, regeneration 1, no
potion heal 3, rot immunity, strong jaws
a: Renounce Religion


You were on level 3 of the Dungeon.
You worshipped Xom.
You were a special plaything of Xom.
You were hungry.

You visited 1 branch of the dungeon, and saw 3 of its levels.

You collected 141 gold pieces.

Inventory:

Hand Weapons
 a - a +0 short sword of chaos
 b - a +0 dagger (weapon)
Missiles
 h - 795 stones
 j - 461 sling bullets
 u - 78 poisoned tomahawks (quivered)
Armour
 g - a +2 leather armour (worn)
 l - a +2 hat
 o - a +0 cloak
Jewellery
 x - an uncursed ring of magical power {unknown}
Wands
 p - a wand of flame (38)
Scrolls
 c - 2 scrolls of teleportation
 d - 2 scrolls of enchant weapon {unknown}
 i - 2 scrolls of identify
 q - a scroll of fog {unknown}
 r - a scroll of amnesia {unknown}
 s - a scroll of enchant armour {unknown}
 t - 3 scrolls of remove curse {unknown}
 w - a scroll of immolation {unknown}
Potions
 f - 3 potions of magic {unknown}
 k - a potion of resistance {unknown}
 m - a potion of brilliance {unknown}
 n - a potion of might {unknown}
 v - a potion of curing {unknown}
Comestibles
 e - 6 rations {!d}


   Skills:
 - Level 2.6 Fighting
 - Level 2.6 Short Blades
 - Level 0.7 Armour
 - Level 2.1 Dodging
 + Level 6.1 Stealth


You had 3 spell levels left.
You didn't know any spells.
Your spell library was empty.

Dungeon Overview and Level Annotations

Branches:
Dungeon (3/12)

Altars:
Fedhas
Gozag
Lugonu
Qazlal
Uskayaw


Innate Abilities, Weirdness & Mutations

You have extremely sharp teeth.
Your natural rate of healing is unusually fast.
Potions cannot restore your health.
You are immune to rotting.
Your bites deal extra damage.
You are clumsy. (Dex -2)
Your body sometimes deteriorates upon taking damage.
You are dopey. (Int -2)
You are frail. (-10% HP)


Message History

A hobgoblin comes into view. It is wielding a +0 club.
Xom's attention turns to you for a moment.
Flickering shadows surround you.
As you read the scroll of teleportation, it crumbles to dust.
You feel strangely unstable.
The shadow slips into darkness.
The shadow flickers and vanishes!
Deactivating autopickup; reactivate with Ctrl-A.
The shadow hits you.
The shadow strikes at you from the darkness!
Your body deteriorates!
You feel clumsy.
Reactivating autopickup.
Your surroundings seem slightly different.
Xom thinks this is hilarious!
The shadow slips into darkness.
The shadow flickers and vanishes!
Deactivating autopickup; reactivate with Ctrl-A.
The shadow strikes at you from the darkness!
Ouch! That really hurt!
You die...
Xom guffaws!

#############
.......@....#
###########.#
#.# #.# #.#
#######W#####
#...#.......#
###>..#.#.###.#
#...(.{.#.#


There were no monsters in sight!

Vanquished Creatures
  4 adders (D:3)
  An ooze (D:2)
  3 worms
  2 dart slugs
  6 leopard geckos
  3 goblins
  6 hobgoblins
  3 jackals (D:1)
  3 quokkas (D:2)
  A ball python (D:2)
  6 bats
  3 kobolds (D:2)
  3 rats
44 creatures vanquished.

Notes
Turn   | Place    | Note
-------+----------+-------------------------------------------
     0 | D:1      | kosoiffoigrumme1174 the Vine Stalker Chaos Knight began the
                  | quest for the Orb.
     0 | D:1      | Reached XP level 1. HP: 13/13 MP: 2/2
    80 | D:1      | Reached skill level 1 in Stealth
   106 | D:1      | Reached skill level 2 in Stealth
   120 | D:1      | Reached XP level 2. HP: 18/18 MP: 3/3
   433 | D:1      | XOM: harmless Erth miscast
   495 | D:1      | Reached skill level 3 in Stealth
   575 | D:1      | Reached XP level 3. HP: 22/22 MP: 4/4
   609 | D:1      | Reached skill level 4 in Stealth
   666 | D:1      | XOM: medium Fire miscast
   865 | D:2      | XOM: butterfly on damage
   954 | D:2      | XOM: god gift: wand of flame (38)
  1075 | D:2      | Reached skill level 5 in Stealth
  1111 | D:2      | Found a stormy altar of Qazlal.
  1111 | D:2      | Found an opulent altar of Gozag.
  1160 | D:2      | Found a faded altar of an unknown god.
  1213 | D:2      | Found a hide-covered altar of Uskayaw.
  1350 | D:2      | Reached XP level 4. HP: 26/27 MP: 5/5
  1467 | D:3      | XOM: 1-stop teleportation journey
  1483 | D:3      | Found a blossoming altar of Fedhas.
  1497 | D:3      | XOM: harmless Ice miscast
  1583 | D:3      | XOM: give mutations
  1583 | D:3      | Gained mutation: You are dopey. (Int -2) [Xom's mischief]
  1583 | D:3      | Gained mutation: You are frail. (-10% HP) [Xom's mischief]
  1583 | D:3      | Gained mutation: Your body sometimes deteriorates upon
                  | taking damage. [Xom's mischief]
  1583 | D:3      | Gained mutation: You are clumsy. (Dex -2) [Xom's mischief]
  1592 | D:3      | Found a corrupted altar of Lugonu.
  1755 | D:3      | Reached skill level 6 in Stealth
  1810 | D:3      | XOM: medium Necr miscast
  1811 | D:3      | Noticed a shadow
  1811 | D:3      | Noticed a shadow
  1824 | D:3      | Mangled by a shadow

Skill      XL: |  1  2  3  4 |
---------------+-------------+-----
Stealth        | 2 3 5 6 |  6.1
Fighting       | |  2.6
Short Blades   | |  2.6
Armour         | |  0.7
Dodging        | |  2.1

Action                   |  1- 3 |  4- 6 || total
-------------------------+-------+-------++-------
Melee: Short sword       |    89 |    15 ||   104
       Bite              |    11 |     1 ||    12
       Dagger            |    29 |    14 ||    43
Throw: Stone             |     1 |       ||     1
       Tomahawk          |       |     8 ||     8
  Use: Scroll            |       |     1 ||     1
 Stab: Sleeping          |     6 |     2 ||     8
       Paralysed         |     1 |       ||     1
  Eat: Chunk             |     4 |     2 ||     6
Armor: Leather armour    |    36 |    12 ||    48
Dodge: Dodged            |    84 |    18 ||   102
